 Dungeon Crawl Stone Soup version 0.28-a0-724-g66f9036eb4 (webtiles) character file.

Game seed: 12564253228340596174

532 sanka the Twirler (level 7, -1/51 (57) HPs)
             Began as a Palentonga Wanderer on Oct 26, 2021.
             Was an Initiate of Okawaru.
             Slain by an orc priest (6 damage)
             ... on level 4 of the Dungeon.
             The game lasted 00:06:48 (5039 turns).

sanka the Twirler (Palentonga Wanderer)             Turns: 5039, Time: 00:06:49

HP:   -1/51 (57)    AC: 12    Str: 16    XL:     7   Next: 4%
MP:   7/7           EV:  9    Int: 12    God:    Okawaru [......]
Gold: 298           SH:  0    Dex: 11    Spells: 6/6 levels left

rFire   + . .      SeeInvis +   a - +2 quarterstaff
rCold   + . .      Faith    .   (shield currently unavailable)
rNeg    . . .      Spirit   .   d - +0 robe
rPois   +          Reflect  .   (no helmet)
rElec   +          Harm     .   (no cloak)
rCorr   +          Rampage  .   n - +0 pair of gloves
Will    +....                   (no barding)
Stlth   ++........              (no amulet)
HPRegen 0.17/turn               (no ring)
MPRegen 0.10/turn               q - ring of willpower

@: resistant, heavily drained, curled up
A: large, rugged brown scales 3, see invisible, deformed body, roll 1, armoured
tail, reflexive curl
a: Rolling Charge, Renounce Religion


You were on level 4 of the Dungeon.
You worshipped Okawaru.
Okawaru was noncommittal.
You visited 2 branches of the dungeon, and saw 5 of its levels.
You also visited: Ossuary.

You collected 298 gold pieces.


Innate Abilities, Weirdness & Mutations

You are completely covered in rugged brown scales. (AC +3, +7% HP)
You have supernaturally acute eyesight. (SInv)
Armour fits poorly on your strangely shaped body.
You can roll at nearby foes to attack.
You have a long armoured tail.
You curl defensively after being hit.


   Skills:
 - Level 4.0 Fighting
 - Level 1.0(4.9) Maces & Flails
 + Level 7.7(7.8) Staves
 - Level 1.0 Armour
 - Level 1.2 Stealth


You had 6 spell levels left.
You didn't know any spells.
Your spell library contained the following spells:

 Spells                   Type           Power      Damage    Failure   Level
 Apportation              Tloc           0%         N/A       32%         1
 Beastly Appendage        Tmut           0%         N/A       32%         1
 Slow                     Hex            0%         N/A       45%         2
 Wereblood                Tmut           0%         N/A       45%         2
 Confusing Touch          Hex            0%         N/A       69%         3
 Gell's Gravitas          Tloc           0%         N/A       69%         3
 Spider Form              Tmut/Pois      0%         N/A       69%         3
 Teleport Other           Tloc           0%         N/A       69%         3
 Alistair's Intoxication  Tmut/Pois      0%         N/A       100%        5
 Yara's Violent Unravell  Hex/Tmut       0%         3d3       100%        5
 Dispersal                Tloc           0%         N/A       100%        6
 Invisibility             Hex            0%         N/A       100%        6

Inventory:

Hand Weapons
 a - a +2 quarterstaff (weapon)
 e - a +0 dagger
Armour
 d - a +0 robe (worn)
 n - a +0 pair of gloves (worn)
Jewellery
 q - a ring of willpower (right hand)
Scrolls
 c - 3 scrolls of teleportation {@r4}
 f - 6 scrolls of identify {unknown}
 g - 3 scrolls of enchant armour {unknown}
 h - a scroll of vulnerability {unknown}
 p - 2 scrolls of enchant weapon {unknown}
 s - 2 scrolls of noise {unknown}
 v - a scroll of amnesia {unknown}
 w - a scroll of fog {unknown}
 x - a scroll of holy word {unknown}
Potions
 i - 2 potions of mutation {unknown}
 j - 2 potions of heal wounds {unknown}
 k - 4 potions of might {unknown}
 l - 2 potions of invisibility {unknown}
 m - a potion of haste {unknown}
 o - 3 potions of resistance
 r - 3 potions of lignification {unknown}
 t - a potion of magic {unknown}
 u - 2 potions of cancellation {unknown}

Dungeon Overview and Level Annotations

Branches:
Dungeon (4/15)             Temple (1/1) D:4         Ossuary (visited)

Altars:
Ashenzari
Cheibriados
Dithmenos
Elyvilon
Fedhas
Gozag
Hepliaklqana
Makhleb
Nemelex Xobeh
Okawaru
Qazlal
Ru
Sif Muna
Trog
Uskayaw
Vehumet
Wu Jian
Xom
Yredelemnul
Zin
The Shining One

▒....▒.▒ ▒..........▒..▒
▒....▒.▒
▒..▒▒.▒▒...▒▒.▒▒
▒._..▒.▒
▒▒▒..▒...▒...▒▒..▒
▒....▒.▒
▒......_......▒..▒▒
▒⌠.⌠.▒.▒
▒....▒...▒..▒.....▒
▒▒▒▒▒'.▒
▒....▒▒.▒▒..▒.....▒
.......▒
▒▒▒...........▒......
.....▒▒▒
▒▒▒....o........▒▒....▒
......▒
▒▒....oHo....▒▒▒▒▒....▒▒
▒▒▒▒▒▒..▒.......o▒▒▒▒.▒
▒▒...▒▒ ............▒
..▒ ▒...▒▒
..............▒▒ ▒..▒▒
.............▒ ▒▒▒...▒▒
............▒ ▒......▒
.........8.▒ ▒▒▒▒▒▒▒▒
▒▒........▒▒ ▒▒▒.....▒▒


You could see an orc priest, an orc wizard and 2 orcs.


Message History

The orc priest calls down the wrath of Beogh upon you.
Beogh smites you!
* * * LOW HITPOINT WARNING * * *
The orc hits you with a +0 trident.
* * * LOW HITPOINT WARNING * * *
The orc hits you but does no damage.
You feel drained. The orc hits you but does no damage.
The orc wizard barely misses you.
The orc priest hits you but does no damage.
You barely miss the orc priest.
Your tail-slap misses the orc priest.
The orc priest is lightly wounded.
The orc completely misses you. The orc wizard closely misses you.
The orc hits you with a +0 flail of draining.
* * * LOW HITPOINT WARNING * * *
You feel drained.
The orc priest casts a cantrip, but nothing happens.
The orc hits you with a +0 trident.
* * * LOW HITPOINT WARNING * * *
The orc wizard hits you but does no damage.
The orc hits you with a +0 flail of draining!
* * * LOW HITPOINT WARNING * * *
You feel drained.
* * * LOW HITPOINT WARNING * * *
It was a potion of resistance.
You feel protected.
The orc priest hits you with a +0 short sword.
You die...

Action                   |  1- 3 |  4- 6 |  7- 9 || total
-------------------------+-------+-------+-------++-------
Melee: Quarterstaff      |    89 |   160 |    16 ||   265
       Tailslap          |     6 |    19 |     5 ||    30
  Use: Potion            |       |       |     3 ||     3
 Stab: Sleeping          |     2 |     3 |     1 ||     6
       Distracted        |     1 |     1 |       ||     2
Armor: Robe              |    40 |    49 |    12 ||   101
Dodge: Dodged            |    43 |    75 |     7 ||   125

Levels and vault maps discovered:
D:1:      dpeg_arrival_leaves_temple_mockup, layout_basic,
          chequers_ecumenical_altar_simple_redux, minmay_rat_gold_closets
D:2:      layout_basic, basic_altar, serial_bayou_lagoon_a,
          roderic_nine_men_s_morris
D:3:      layout_basic, item_on_display_a
D:4:      layout_cave_pods, jmf_multi_god_temple,
          nicolae_overflow_crystal_walls, minmay_temple_entry_statues,
          serial_column_ruins, column_ruins_pillar_2, column_ruins_pillar_1,
          column_ruins_pillar_2, column_ruins_pillar_3, column_ruins_pillar_7,
          column_ruins_pillar_10, column_ruins_pillar_3, column_ruins_pillar_5,
          column_ruins_pillar_6, column_ruins_pillar_2, column_ruins_pillar_1,
          column_ruins_pillar_7, nicolae_ossuary_entry_giza
Temple:   eino_narrow_crystal_temple

Notes
Turn   | Place    | Note
-------+----------+-------------------------------------------
     0 | D:1      | sanka the Palentonga Wanderer began the quest for the Orb.
     0 | D:1      | sanka set off with the following items: a +2 quarterstaff,
                  | a potion of curing {@q1}, a scroll of teleportation {@r4},
                  | a +0 robe, a +0 dagger
     0 | D:1      | Reached XP level 1. HP: 20/20 MP: 1/1
   272 | D:1      | Reached XP level 2. HP: 26/26 MP: 2/2
   338 | D:1      | Found a faded altar of an unknown god.
   985 | D:2      | Reached skill level 3 in Staves
  1259 | D:2      | Reached XP level 3. HP: 32/32 MP: 3/3
  1416 | D:2      | Found an opulent altar of Gozag.
  1509 | D:2      | Reached skill level 4 in Staves
  2367 | D:3      | Reached XP level 4. HP: 35/39 MP: 4/4
  3125 | D:4      | Found a staircase to the Ecumenical Temple.
  3134 | Temple   | Entered the Ecumenical Temple
  3346 | Temple   | Became a worshipper of Ru the Awakened
  3393 | D:4      | Found a sand-covered staircase.
  3515 | Ossuary  | Entered an ossuary
  3577 | Ossuary  | Reached skill level 5 in Staves
  3705 | Ossuary  | Reached XP level 5. HP: 31/44 MP: 5/5
  3939 | Ossuary  | Reached skill level 6 in Staves
  4083 | Ossuary  | Reached XP level 6. HP: 45/51 MP: 6/6
  4560 | D:4      | Reached skill level 7 in Staves
  4665 | D:4      | Found an iron altar of Okawaru.
  4666 | D:4      | Found a hide-covered altar of Uskayaw.
  4671 | D:4      | Fell from the grace of Ru
  4671 | D:4      | Became a worshipper of Warmaster Okawaru
  4703 | D:4      | Gained mutation: You curl defensively after being hit.
                  | [Palentonga growth]
  4703 | D:4      | Reached XP level 7. HP: 30/57 MP: 7/7
  4997 | D:4      | Found a glowing golden altar of the Shining One.
  5038 | D:4      | HP: 5/51 [orc (2)]
  5039 | D:4      | Identified 4 potions of resistance
  5039 | D:4      | Slain by an orc priest

Vanquished Creatures
  2 necrophages (D:4)
  2 centaur zombies (Ossuary)
  A hound (D:4)
  3 human zombies (Ossuary)
  An iguana (D:4)
  2 mummies
  4 adders
  An adder zombie (Ossuary)
  An adder skeleton (D:4)
  2 worms (D:2)
  A dart slug (D:3)
  3 orcs (D:4)
  4 ball pythons
  5 endoplasms
  3 giant cockroaches
  4 goblins (D:4)
  3 hobgoblins
  2 jackals (D:3)
  4 quokkas
  3 bats (D:2)
  2 frilled lizards
  4 goblin zombies
  8 hobgoblin zombies (Ossuary)
  A jackal zombie (Ossuary)
  7 kobolds
  13 kobold zombies (Ossuary)
  5 orc zombies (Ossuary)
  12 rats
  A rat zombie (Ossuary)
104 creatures vanquished.

Vanquished Creatures (others)
  4 plants (D:2)
4 creatures vanquished.

Grand Total: 108 creatures vanquished
